 Dungeon Crawl Stone Soup version 0.15-a0-53-g5e01d95 (webtiles) character file.

183 Qrupt the Grasshopper (level 4, -1/43 HPs)
             Began as a High Elf Warper on Apr 4, 2014.
             Slain by an orc
             ... wielding a +0,+0 flail
              (3 damage)
             ... on Level 3 of the Dungeon.
             The game lasted 00:06:06 (3055 turns).

Qrupt the Grasshopper (High Elf Warper)             Turns: 3055, Time: 00:06:07

HP  -1/43        AC 22     Str 11      XL: 4   Next: 38%
MP  11/11        EV  1     Int 16      God:
Gold 89          SH  0     Dex 15      Spells:  2 memorised,  5 levels left

rFire  . . .     SeeInvis .     a - +0 falchion
rCold  . . .     Clarity  .     s - melded +0 leather armour
rNeg   + + +     Conserve .     (no shield)
rPois  +         rCorr    .     (no helmet)
rElec  .         rRot     .     (cloak currently unavailable)
SustAb . .       Spirit   .     h - melded +0 pair of gloves
rMut   .         Warding  +     r - melded +0 pair of boots
Saprov . . .     NoTele   +     m - amulet of warding
MR     .....                    (no ring)
                                (no ring)

@: tree-form, slowed, very slow, not resistant to hostile enchantments,
unstealthy
A: no striking features
a: no special abilities


You were on level 3 of the Dungeon.
You were not hungry.
You were an animated tree.
You visited 1 branch of the dungeon, and saw 3 of its levels.

You collected 89 gold pieces.

Inventory:

Hand weapons
 a - a +0,+0 falchion (weapon)
Missiles
 e - 15 darts (quivered)
 f - 10 darts of dispersal
Armour
 h - a +0 pair of gloves (melded)
 r - a +0 pair of boots (melded)
 s - a +0 leather armour (melded)
Comestibles
 g - 3 bread rations
 l - a rambutan
 o - a pear
Scrolls
 b - a scroll of enchant armour {unknown}
 d - 2 scrolls of blinking
 i - 3 scrolls of remove curse
 j - a scroll of teleportation {unknown}
 n - a scroll of identify
 q - a scroll of random uselessness {unknown}
Jewellery
 m - an amulet of warding (around neck)
Potions
 k - a potion of mutation {unknown}
 t - a potion of degeneration {unknown}
Books
 c - a book of Spatial Translocations

   Spells                             Type                      Level
   *Apportation                       Translocation                1
   Blink                              Translocation                2
   *Shroud of Golubria                Charms/Translocation         2
   Portal Projectile                  Translocation                3
   Teleport Other                     Translocation                3
   Passage of Golubria                Translocation                4


   Skills:
 - Level 2.0 Fighting
 + Level 3.6 Long Blades
 - Level 1.2 Throwing
 - Level 0.8 Armour
 + Level 3.4 Dodging
 + Level 2.9 Spellcasting
 + Level 4.0 Translocations


You had 5 spell levels left.
You knew the following spells:

 Your Spells              Type           Power        Failure   Level  Hunger
a - Apportation           Tloc           ###.......   4%          1    N/A
b - Shroud of Golubria    Chrm/Tloc      #.........   14%         2    N/A

Dungeon Overview and Level Annotations

Branches:
Dungeon (3/15)

Altars:
Xom


Message History

Drink which item? (? for menu, Esc to quit)
You turn into an animated tree.
Your +0 pair of gloves melds into your body.
Your +0 pair of boots melds into your body.
Your +0 leather armour melds into your body.
Your roots penetrate the ground.
It was a potion of lignification.
The orc wizard hits you but does no damage. x2
The orc hits you but does no damage.
You hit the orc wizard.
The orc wizard is almost dead.
The orc wizard mumbles some strange words.
The orc wizard blinks!
The orc hits you but does no damage.
The orc wizard points at you and mumbles some strange words.
The magic dart hits you!
* * * LOW HITPOINT WARNING * * *
It'd take too long for a potion to reach your roots.
Read which item? (? for menu, Esc to quit)
You cannot teleport right now.
You barely miss the orc. The orc hits you with a flail.
You die...

#.# ##.## ###.# #... #...#
##.. ###'#### #.. .
#......# #.. ... #......#
#.. ....### #......# ###..
........##......######....
#oo♣......'.)....#..
####§..o..########..
#......# #.. #....(.# ###
########


You could see an orc wizard and 2 orcs.

Vanquished Creatures
  An orc wizard (D:3)
  3 adders (D:2)
  A giant gecko (D:2)
  2 orcs (D:3)
  A ball python (D:1)
  3 hobgoblins (D:2)
  6 jackals
  A kobold (D:1)
  A quokka (D:3)
  5 bats
  8 giant newts
  5 goblins
  5 rats
42 creatures vanquished.

Notes
Turn   | Place    | Note
--------------------------------------------------------------
     0 | D:1      | Qrupt, the High Elf Warper, began the quest for the Orb.
     0 | D:1      | Reached XP level 1. HP: 14/14 MP: 4/4
   420 | D:1      | Reached XP level 2. HP: 19/19 MP: 6/6
  1579 | D:2      | Learned a level 2 spell: Shroud of Golubria
  1729 | D:2      | Reached XP level 3. HP: 24/24 MP: 8/8
  2987 | D:3      | Found a shimmering altar of Xom.
  3040 | D:3      | Reached XP level 4. HP: 27/29 MP: 8/11
  3046 | D:3      | Reached skill level 4 in Translocations
  3054 | D:3      | HP: 2/43 [orc wizard/magic dart (5)]
  3055 | D:3      | Slain by an orc

Action                   |  1- 3 |  4- 6 || total
-------------------------+-------+-------++-------
Melee: Falchion          |   154 |    13 ||   167
 Cast: Shroud of Golubri |     4 |       ||     4
  Use: Potion            |     1 |     1 ||     2
       Scroll            |     3 |       ||     3
